 Dungeon Crawl Stone Soup version 0.30-b1-2-g02819fbbbe (webtiles) character file.

Game seed: 11980991305631933568

98 ketsa the Ruffian (level 4, -5/23 HPs)
             Began as a Vine Stalker Fighter on May 11, 2023.
             Was a Follower of Makhleb.
             Slain by a gnoll
             ... wielding a +0 flail
              (9 damage)
             ... on level 2 of the Dungeon.
             The game lasted 00:04:32 (866 turns).

ketsa the Ruffian (Vine Stalker Fighter)             Turns: 866, Time: 00:04:33

Health: -5/23      AC:  7    Str: 21    XL:     4   Next: 69%
Magic:  0/5        EV:  9    Int:  8    God:    Makhleb [*.....]
Gold:   75         SH:  0    Dex: 13    Spells: 3/3 levels left

rFire   . .          .
                       - Unarmed
rCold   . . .        (no shield)
rNeg    . . .        a - +0 scale mail
rPois   .            l - +0 helmet
rElec   .            (no cloak)
rCorr   .            (no gloves)
SInv    .            (no boots)
Will    .....        (no amulet) Stlth
                     (no ring)
HPRegen 1.03/turn    (no ring)
MPRegen 0.09/turn

%: guardian spirit
@: no status effects
A: fangs 2, regeneration 1, magic shield, antimagic bite, no potion heal 2
a: Renounce Religion


You were on level 2 of the Dungeon.
You worshipped Makhleb.
Makhleb was aware of your devotion.
You visited 1 branch of the dungeon, and saw 2 of its levels.

You collected 75 gold pieces.

Inventory:

Armour
 a - a +0 scale mail (worn)
 b - a +0 buckler
 l - a +0 helmet (worn)
Jewellery
 f - an amulet of faith
Scrolls
 d - a scroll of teleportation {unknown}
 e - a scroll of enchant armour {unknown}
 g - a scroll of blinking {unknown}
 h - a scroll of poison {unknown}
 k - 2 scrolls of identify {unknown}
 m - a scroll of brand weapon {unknown}
 n - a scroll of vulnerability {unknown}
 o - a scroll of fear {unknown}
Potions
 c - a potion of might
 i - a potion of flight {unknown}
 j - a potion of heal wounds {unknown}


   Skills:
 - Level 2.6 Fighting
 - Level 2.4 Armour
 - Level 2.6 Shields
 * Level 4.7 Unarmed Combat


You had 3 spell levels left.
You didn't know any spells.
Your spell library contained the following spells:

 Spells                   Type           Power      Damage    Failure   Level
 Sandblast                Erth           0%         2d4       75%         1
 Ensorcelled Hibernation  Hex/Ice        0%         N/A       87%         2
 Passwall                 Tmut/Erth      0%         N/A       87%         2
 Stone Arrow              Conj/Erth      0%         3d7       98%         3
 Swiftness                Air            0%         N/A       98%         3


Dungeon Overview and Level Annotations

Branches:
Dungeon (2/15)

Altars:
Makhleb


Innate Abilities, Weirdness & Mutations

You have extremely sharp teeth.
Your natural rate of healing is unusually fast.
When hurt, damage is shared between your health and your magic reserves.
Your bite disrupts and absorbs the magic of your enemies.
Potions cannot restore your health.


Message History

You barely miss the adder. You bite the adder.
You kill the adder!
Makhleb accepts your kill.
You now have 75 gold pieces (gained 14).
A gnoll comes into view. It is wielding a +0 flail.
The gnoll shouts!
A gnoll comes into view. It is wielding a +0 halberd.
A gnoll comes into view. It is wielding a +0 whip.
The gnoll shouts!
You hear a shout!
You hear an angry hiss.
A gnoll comes into view. It is wielding a +0 flail.
A frilled lizard comes into view.
You barely miss the gnoll. The gnoll hits you with a +0 flail!
The gnoll closely misses you.
You barely miss the gnoll. Your punch misses the gnoll.
Your bite misses the gnoll. The gnoll barely misses you.
The gnoll hits you from afar with a +0 halberd.
You hit the gnoll.
The gnoll is moderately wounded.
You punch the gnoll!
The gnoll is almost dead.
The gnoll closely misses you. The gnoll barely misses you.
You hit the gnoll.
You kill the gnoll!
Makhleb accepts your kill. The gnoll completely misses you.
You punch the frilled lizard!
You kill the frilled lizard!
Makhleb accepts your kill. The gnoll closely misses you.
You hit the gnoll. You bite the gnoll. You drain its power.
You feel invigorated.
The gnoll is moderately wounded.
The gnoll hits you from afar with a +0 halberd!
The gnoll hits you with a +0 flail.
You hit the gnoll but do no damage. You bite the gnoll, but do no damage.
The gnoll is moderately wounded.
The gnoll hits you from afar with a +0 halberd!
* * * LOW HITPOINT WARNING * * *
The gnoll hits you with a +0 flail!
You die...

#..#...)...#.........
##..#..##..........###
##.....#............#
#.)..#...#...........
##......##..#.##.#.##
#...#.......<....#.# .
...............### ##...
...#.....#.>...###g.....
......#..#......@gg#
...#..#........#####
.....##.###....#
........###....##
....#...........###
.....#.###.........
<......# #.......##
.....# #.......# .....##
#.#######


You could see 3 gnolls.

Vanquished Creatures
  Robin (D:2)
  A gnoll (D:2)
  2 adders (D:2)
  3 dart slugs
  5 bats
  2 endoplasms
  A giant cockroach (D:1)
  4 hobgoblins
  2 jackals (D:1)
  6 quokkas
  A ball python (D:2)
  3 frilled lizards (D:2)
  15 goblins
  3 kobolds
  A rat (D:1)
50 creatures vanquished.

Notes
Turn   | Place    | Note
-------+----------+-------------------------------------------
     0 | D:1      | ketsa the Vine Stalker Fighter began the quest for the Orb.
     0 | D:1      | Reached XP level 1. HP: 11/11 MP: 2/2
    43 | D:1      | Reached XP level 2. HP: 16/16 MP: 3/3
    67 | D:1      | Reached skill level 3 in Unarmed Combat
   371 | D:1      | Reached XP level 3. HP: 19/19 MP: 4/4
   593 | D:2      | Noticed Robin
   664 | D:1      | Reached skill level 4 in Unarmed Combat
   712 | D:2      | Killed Robin
   713 | D:2      | Gained mutation: Your natural rate of healing is unusually
                  | fast. [Vine Stalker growth]
   713 | D:2      | Reached XP level 4. HP: 18/23 MP: 3/5
   781 | D:2      | Found a faded altar of an unknown god.
   813 | D:2      | Prayed at the altar of an unknown god.
   813 | D:2      | Became a worshipper of Makhleb the Destroyer
   813 | D:2      | Reached * piety under Makhleb
   866 | D:2      | Slain by a gnoll

Illustrated notes

Levels and vault maps discovered:
D:1:      elethiomel_arrival_shortcut, layout_rooms
D:2:      layout_rooms, hellmonk_ecumenical_altar_run_dry,
          uniq_crazy_yiuf_cottage, uniq_robin

Skill      XL: |  1  2  3 |
---------------+----------+-----
Unarmed Combat | 3 4 |  4.7
Fighting       | |  2.6
Armour         | |  2.4
Shields        | |  2.6

Action                     |  1- 3 |  4- 6 || total
---------------------------+-------+-------++-------
  Melee: Unarmed           |   124 |    33 ||   157
         Bite              |    30 |     7 ||    37
         Punch             |     2 |       ||     2
 Armour: Scale mail        |    68 |    16 ||    84
  Dodge: Dodged            |    68 |    16 ||    84
  Block: Buckler           |    12 |       ||    12
